 Dungeon Crawl Stone Soup version 0.18-a0-1788-g92de1ac (webtiles) character file.

47 M4edhros the Grave Robber (level 3, -3/21 HPs)
             Began as an Octopode Necromancer on Apr 20, 2016.
             Killed from afar by an orc wizard (9 damage)
             ... with a magic dart
             ... on level 3 of the Dungeon.
             The game lasted 00:04:42 (770 turns).

M4edhros the Grave Robber (Octopode Necromancer)     Turns: 770, Time: 00:04:44

Health: -3/21      AC:  1    Str:  7    XL:     3   Next: 70%
Magic:  6/6        EV:  8    Int: 17    God:
Gold:   93         SH: 11    Dex: 13    Spells: 2 memorised, 2 levels left

rFire  . . .     SeeInvis .       - Unarmed
rCold  + . .     Gourm    .     e - +1 large shield
rNeg   . . .     Faith    .     (helmet restricted)
rPois  .         Spirit   .     (no amulet)
rElec  .         Dismiss  .     h - ring of stealth
rCorr  .         Reflect  .     j - ring of protection from cold
SustAt .         Harm     .     (no ring)
MR     .....                    (no ring)
Stlth  ++++......               (no ring)
                                (no ring)
                                (no ring)
                                (no ring)

@: not resistant to hostile enchantments, stealthy
A: almost no armour, amphibious, 8 rings, constrict 8, camouflage 1, gelatinous
body 1
a: no special abilities


You were on level 3 of the Dungeon.
You were hungry.

You visited 1 branch of the dungeon, and saw 3 of its levels.

You collected 93 gold pieces.

Inventory:

Hand Weapons
 k - a +1 dagger of holy wrath
Missiles
 c - 48 stones (quivered)
Armour
 e - a +1 large shield (worn)
Jewellery
 h - a ring of stealth (left tentacle)
 j - a ring of protection from cold (right tentacle)
Scrolls
 d - a scroll of identify
Potions
 f - a potion of degeneration
Books
 a - a book of Necromancy

   Spells                             Type                      Level
   a - Pain                           Necromancy                   1
   b - Animate Skeleton               Necromancy                   1
   c - Vampiric Draining              Necromancy                   3
   d - Regeneration                   Charms/Necromancy            3
   e - Animate Dead                   Necromancy                   4
   f - Control Undead                 Necromancy                   4
Comestibles
 b - 2 bread rations
 g - 2 fruits


   Skills:
 - Level 2.0 Dodging
 - Level 2.6 Stealth
 + Level 1.8 Shields
 + Level 2.4 Unarmed Combat
 - Level 2.0 Spellcasting
 - Level 4.0 Necromancy


You had 2 spell levels left.
You knew the following spells:

 Your Spells              Type           Power        Failure   Level  Hunger
a - Pain                  Necr           ###.         77%         1    #......
b - Regeneration          Chrm/Necr      #.........   100%        3    ###....


Dungeon Overview and Level Annotations

Branches:
Dungeon (3/15)

Altars:
Gozag
Qazlal


Innate Abilities, Weirdness & Mutations

You cannot wear most types of armour.
You are amphibious.
You can wear up to eight rings at the same time.
You can use your tentacles to constrict eight enemies at once.
Your skin changes colour to match your surroundings (Stealth).
Your rubbery body absorbs attacks (AC +1).


Message History

You block the bat's attack. The bat closely misses you.
An orc comes into view. It is wielding an enchanted hand axe.
Read which item? (? for menu, Esc to quit)
As you read the scroll labeled TIPHIFEXZUIM, it crumbles to dust.
It is a scroll of identify.
Identify which item? (\ to view known items) (? for menu, Esc to quit)
f - a potion of degeneration You block the bat's attack. x2
You aren't carrying any items that you can evoke.
Read which item? (? for menu, Esc to quit)
Okay, then.
Sorry, you're not good enough to have a special ability.
The orc shouts!
You block the bat's attack. The bat hits you.
* * * LOW HITPOINT WARNING * * *
You block the bat's attack.
The orc wizard points at you and mumbles some strange words.
The magic dart hits you!
You die...

#.####.##.###.#.#..#
.. ...#... .. #..# .
#...# ## ##.# #(..#
#.. #....#o# #..
....>..#.# #..
.......#o##
.......#b.####..
..o....#@.o.....
########........
##..........
###..#....ooo.
#...##.##..o..
###.###.....####
###.......†####
####...#..###.#
#........## #†#


You could see an orc priest, an orc wizard, 5 orcs and a bat.

Vanquished Creatures
  2 adders (D:2)
  A worm (D:3)
  A dart slug (D:1)
  An orc (D:2)
  2 giant cockroaches
  3 goblins
  A hobgoblin (D:1)
  3 kobolds (D:2)
  A quokka (D:2)
  4 bats (D:1)
  3 giant newts
  3 rats
  A fungus (D:1)
26 creatures vanquished.

Notes
Turn   | Place    | Note
--------------------------------------------------------------
     0 | D:1      | M4edhros the Octopode Necromancer began the quest for the Orb.
     0 | D:1      | Reached XP level 1. HP: 11/11 MP: 3/3
    96 | D:1      | Reached skill level 1 in Unarmed Combat
   250 | D:1      | Reached XP level 2. HP: 13/17 MP: 1/5
   394 | D:2      | Found a stormy altar of Qazlal.
   396 | D:2      | Noticed a water elemental
   396 | D:2      | Noticed a fire elemental
   397 | D:2      | Noticed an earth elemental
   397 | D:2      | Noticed an air elemental
   416 | D:2      | Found an opulent altar of Gozag.
   429 | D:2      | Reached skill level 1 in Shields
   429 | D:2      | Reached XP level 3. HP: 18/21 MP: 6/6
   434 | D:2      | Learned a level 3 spell: Regeneration
   522 | D:2      | Found a faded altar to an unknown god.
   580 | D:2      | HP: 1/21 [poisoned by an adder]
   770 | D:3      | Killed from afar by an orc wizard

Vault maps used:
D:1:      dpeg_cavernosity
D:2:      old_standard_altar, nicolae_qazlal_style_of_elements,
          ecumenical_altar_1, item_on_display_a
D:3:      lemuel_coloured_pillars_altar, bloody_makhleb

Skill      XL: |  1  2 |
---------------+-------+-----
Unarmed Combat | 1 2 |  2.4
Shields        | 1 |  1.8
Dodging        | |  2.0
Stealth        | |  2.6
Spellcasting   | |  2.0
Necromancy     | |  4.0

Action                   || total
-------------------------++-------
Melee: Unarmed           ||    65
       Tentacles         ||    15
       Constrict         ||    20
       Punch             ||     3
Throw: Stone             ||     1
 Cast: Pain              ||     5
       Regeneration      ||     4
  Use: Potion            ||     1
       Scroll            ||     2
 Stab: Sleeping          ||     7
Armor: Skin              ||     6
Dodge: Dodged            ||    18
Block: Large shield      ||    28
